 Dungeon Crawl Stone Soup version 0.15-b1-109-g30c8d52 (webtiles) character file.

497 Eradicator the Digger (level 7, -4/41 HPs)
             Began as an Octopode Earth Elementalist on Aug 22, 2014.
             Slain by a scorpion (7 damage)
             ... on Level 4 of the Dungeon on Aug 23, 2014.
             The game lasted 00:26:54 (4987 turns).

Eradicator the Digger (Octopode Earth Elementalist) Turns: 4987, Time: 00:26:54

HP  -4/41        AC  1     Str  7      XL: 7   Next: 16%
MP   4/13        EV 12     Int 19      God:
Gold 195         SH  0     Dex 13      Spells:  3 memorised,  5 levels left

rFire  . . .     SeeInvis .     f - +0 short sword
rCold  . . .     Clarity  .     (no shield)
rNeg   . . .     rCorr    .     (helmet restricted)
rPois  .         rRot     .     (no amulet)
rElec  .         Spirit   .     m - ring of sustain abilities
SustAb +         Warding  .     (no ring)
rMut   .         Stasis   .     (no ring)
Gourm  .                        (no ring)
MR     .....                    (no ring)
                                (no ring)
                                (no ring)
                                (no ring)

@: lethally poisoned, not resistant to hostile enchantments, fairly stealthy
A: almost no armour, amphibious, 8 rings, constrict 8, camouflage 1, gelatinous
body 1
a: no special abilities


You were on level 4 of the Dungeon.
You were not hungry.

You visited 1 branch of the dungeon, and saw 5 of its levels.

You collected 195 gold pieces.

Inventory:

Hand weapons
 f - a +0 short sword (weapon)
Missiles
 b - 66 stones (quivered)
 h - 3 large rocks
Comestibles
 a - 2 bread rations
 c - a beef jerky
 u - a rotting chunk of worker ant flesh
 v - 2 royal jellies
 w - 3 fruits
Scrolls
 e - a scroll of enchant weapon {unknown}
 g - 7 scrolls of identify {unknown}
 l - a scroll of noise {unknown}
 n - a scroll of amnesia {unknown}
 o - 2 scrolls of remove curse {unknown}
 p - a scroll of blinking {unknown}
 q - a scroll of immolation {unknown}
Jewellery
 m - a ring of sustain abilities (left tentacle)
Potions
 i - a potion of experience {unknown}
 j - a potion of haste {unknown}
 k - a potion of curing {unknown}
 r - 2 potions of poison {unknown}
 s - a potion of brilliance {unknown}
 t - 2 potions of heal wounds {unknown}
Books
 d - a book of Geomancy

   Spells                             Type                      Level
   *Sandblast                         Earth                        1
   *Stoneskin                         Transmutation/Earth          2
   Passwall                           Transmutation/Earth          3
   *Stone Arrow                       Conjuration/Earth            3
   Petrify                            Transmutation/Earth          4
   Lee's Rapid Deconstruction         Earth                        5


   Skills:
 - Level 2.0 Dodging
 - Level 2.6 Stealth
 - Level 2.7 Spellcasting
 - Level 3.0 Conjurations
 + Level 1.3 Transmutations
 * Level 6.7 Earth Magic


You had 5 spell levels left.
You knew the following spells:

 Your Spells              Type           Power        Failure   Level  Hunger
a - Sandblast             Erth           ####..       1%          1    None
b - Stone Arrow           Conj/Erth      ###...       8%          3    ###....
c - Stoneskin             Trmt/Erth      ###.....     6%          2    ##.....


Dungeon Overview and Level Annotations

Branches:
Dungeon (5/15)
 Temple: D:4-7

Altars:
Nemelex Xobeh
Okawaru
Trog

Annotations:
D:3 Grinder


Innate Abilities, Weirdness & Mutations

You cannot wear most types of armour.
You are amphibious.
You can wear up to eight rings at the same time.
You can use your tentacles to constrict many enemies at once.
Your skin changes colour to match your surroundings (Stealth).
Your rubbery body absorbs attacks (AC +1).


Message History

You are more poisoned.
The scorpion poisons you!
Casting: Sandblast
Confirm with . or Enter, or press ? or * to list all spells.
Aiming: Sandblast
Press: ? - help, Shift-Dir - straight line, f/p - scorpion
Aim: a scorpion (severely wounded)
The blast of sand misses the scorpion.
* * * LOW HITPOINT WARNING * * *
You feel sick. The scorpion closely misses you.
Casting: Sandblast
Confirm with . or Enter, or press ? or * to list all spells.
Aiming: Sandblast
Press: ? - help, Shift-Dir - straight line, f/p - scorpion
Aim: a scorpion (severely wounded)
The blast of sand hits the scorpion.
The scorpion is severely wounded.
* * * LOW HITPOINT WARNING * * *
You feel sick. The scorpion stings you!
You die...

#......# #.... ####...##
#.### #.......# #.#..
#.......# #.#.#
#.......# #.#.#
#>a.....# #.#.#
#.###..### #.#..
#####.s....#.#######.###
#....##@...............#
#....##......###....####
#....##......###....#
#%...##S..........###
#............####.#
#####.........>..# #.#
#............#'### #.#
#..............# #.#
#.#.####.############.#


You could see a scorpion and an adder.

Vanquished Creatures
  A black bear (D:4)
  An ogre (D:4)
  A hound (D:5)
  2 giant frog skeletons (D:4)
  An orc priest (D:4)
  A centaur skeleton (D:4)
  A jelly (D:4)
  A worker ant (D:4)
  4 adders
  2 worms
  An adder skeleton (D:5)
  3 giant geckos
  An ooze (D:2)
  8 orcs
  4 giant cockroaches
  6 goblins
  3 hobgoblins
  4 jackals (D:3)
  2 quokkas (D:4)
  3 bats
  3 giant newts
  A hobgoblin zombie (D:4)
  7 kobolds
  A quokka skeleton (D:4)
  7 rats
69 creatures vanquished.

Notes
Turn   | Place    | Note
--------------------------------------------------------------
     0 | D:1      | Eradicator, the Octopode Earth Elementalist, began the quest for the Orb.
     0 | D:1      | Reached XP level 1. HP: 11/11 MP: 3/3
   526 | D:1      | Reached XP level 2. HP: 17/17 MP: 4/4
  1163 | D:2      | Reached skill level 4 in Earth Magic
  1163 | D:2      | Reached XP level 3. HP: 14/21 MP: 3/6
  2101 | D:3      | Found a sparkling altar of Nemelex Xobeh.
  2206 | D:3      | Reached XP level 4. HP: 18/27 MP: 4/8
  2341 | D:3      | Learned a level 3 spell: Stone Arrow
  2415 | D:3      | Noticed Grinder
  2952 | D:4      | Reached skill level 5 in Earth Magic
  2971 | D:4      | Reached XP level 5. HP: 31/31 MP: 2/9
  3087 | D:4      | Found a bloodstained altar of Trog.
  3100 | D:4      | Reached skill level 1 in Conjurations
  3177 | D:4      | Found an iron altar of Okawaru.
  3715 | D:4      | Learned a level 2 spell: Stoneskin
  3992 | D:4      | Noticed an ogre
  3998 | D:4      | Killed an ogre
  3998 | D:4      | Reached skill level 6 in Earth Magic
  3998 | D:4      | Reached XP level 6. HP: 22/36 MP: 1/11
  4344 | D:4      | Noticed a black bear
  4351 | D:4      | Killed a black bear
  4693 | D:4      | Reached XP level 7. HP: 13/41 MP: 1/13
  4961 | D:5      | Entered Level 5 of the Dungeon
  4987 | D:4      | Slain by a scorpion

Action                   |  1- 3 |  4- 6 |  7- 9 || total
-------------------------+-------+-------+-------++-------
Melee: Short sword       |    37 |    21 |     5 ||    63
 Cast: Sandblast         |    51 |    50 |    12 ||   113
       Stone Arrow       |       |    12 |       ||    12
 Stab: Sleeping          |     8 |     8 |     1 ||    17
  Eat: Chunk             |     4 |    10 |     1 ||    15
